 Dungeon Crawl Stone Soup version 0.21.1-1-g345015f (webtiles) character file.

22 goulibeur the Unweaver (level 2, -5/24 HPs)
             Began as a Demonspawn Abyssal Knight on July 17, 2018.
             Was a Follower of Lugonu.
             Slain by a hobgoblin (7 damage)
             ... led by Robin
             ... on level 2 of the Dungeon.
             The game lasted 00:02:15 (1158 turns).

goulibeur the Unweaver (Demonspawn Abyssal Knight)  Turns: 1158, Time: 00:02:16

Health: -5/24      AC:  3    Str: 12    XL:     2   Next: 68%
Magic:  4/4        EV: 11    Int: 13    God:    Lugonu [*.....]
Gold:   19         SH:  0    Dex: 12    Spells: 1/1 levels left

rFire    . . .     SeeInvis .   a - +1 short sword
rCold    . . .     Gourm    .   (no shield)
rNeg     . . .     Faith    .   b - +0 leather armour
rPois    .         Spirit   .   (no helmet)
rElec    .         Reflect  .   (no cloak)
rCorr    .         Harm     .   (no gloves)
MR       .....                  (no boots)
Stlth    ++........             (no amulet)
HPRegen  0.08/turn              (no ring)
MPRegen  0.09/turn              (no ring)

@: no status effects
A: nightstalker 1
a: Depart the Abyss, Renounce Religion


You were on level 2 of the Dungeon.
You worshipped Lugonu.
Lugonu was aware of your devotion.
You were not hungry.

You visited 1 branch of the dungeon, and saw 2 of its levels.
You visited the Abyss 1 time.

You collected 19 gold pieces.

Inventory:

Hand Weapons
 a - a +1 short sword (weapon)
Armour
 b - a +0 leather armour (worn)
Jewellery
 l - an uncursed ring of protection from magic {unknown}
 p - an uncursed ring of fire {unknown}
 q - a +2 ring of strength {unknown}
Scrolls
 e - 2 scrolls of fog {unknown}
 h - 2 scrolls of remove curse {unknown}
 i - 3 scrolls of blinking {unknown}
 k - a scroll of enchant armour {unknown}
 o - a scroll of immolation {unknown}
Potions
 d - a potion of magic {unknown}
 f - a potion of lignification {unknown}
 g - a potion of haste {unknown}
 j - a potion of heal wounds {unknown}
 m - a potion of agility {unknown}
Comestibles
 c - 2 rations
 n - 7 chunks of flesh


   Skills:
 + Level 3.2 Fighting
 - Level 1.7 Short Blades
 + Level 2.0 Armour
 + Level 1.2 Dodging
 * Level 3.3 Invocations


You had one spell level left.
You didn't know any spells.

Dungeon Overview and Level Annotations

Branches:
Dungeon (2/15)

Altars:

Annotations:
D:2 Robin


Innate Abilities, Weirdness & Mutations

You are slightly more attuned to the shadows.


Message History

You closely miss the goblin. The hobgoblin completely misses you.
You hit the goblin but do no damage. The goblin hits you with a club.
The hobgoblin barely misses you.
Robin roars a battlecry!
You hear an angry hiss.
A hobgoblin comes into view.
You closely miss the goblin. The goblin closely misses you.
The hobgoblin barely misses you. 2 goblins come into view.
You closely miss the goblin.
The hobgoblin no longer looks unusually strong.
The hobgoblin misses you. The goblin hits you with a club!
* * * LOW HITPOINT WARNING * * *
Robin roars a battlecry!
The hobgoblin goes into a battle-frenzy!
You hit the goblin.
The goblin is severely wounded.
The goblin no longer looks unusually strong. x2
The hobgoblin hits you!
You die...

...###gg...##.##
.#.............#
...........gg$#
......<..ggg###
##...>....gg#
##########g# #S#
#g# #@# #g# ...
##.## ..# ###


You could see Robin, 4 hobgoblins, 4 goblins and a ball python.

Vanquished Creatures
  A leopard gecko (D:1)
  5 goblins
  4 hobgoblins
  2 kobolds (D:1)
  A ball python (D:2)
  2 bats (D:1)
  3 frilled lizards
  A rat (D:1)
19 creatures vanquished.

Notes
Turn   | Place    | Note
-------+----------+-------------------------------------------
     0 | Abyss:1  | goulibeur the Demonspawn Abyssal Knight began the quest for the Orb.
     0 | Abyss:1  | Reached XP level 1. HP: 18/18 MP: 2/2
    88 | Abyss:1  | Noticed a flying skull
    89 | D:1      | Escaped the Abyss
   358 | D:1      | Reached skill level 1 in Dodging
   618 | D:1      | Reached * piety under Lugonu
   804 | D:1      | Gained mutation: You are slightly more attuned to the shadows. [demonic ancestry]
   804 | D:1      | Reached XP level 2. HP: 24/24 MP: 4/4
  1136 | D:2      | Noticed Robin
  1158 | D:2      | Slain by a hobgoblin

Skill      XL: |  1  2 |
---------------+-------+-----
Dodging        | 1 |  1.2
Invocations    | 3 |  3.3
Armour         | 2 |  2.0
Fighting       | |  3.2
Short Blades   | |  1.7

Action                   || total
-------------------------++-------
Melee: Short sword       ||    64
Invok: Depart the Abyss  ||     1
 Stab: Distracted        ||     1
  Eat: Chunk             ||     1
Armor: Leather armour    ||    13
Dodge: Dodged            ||    52
